 Dungeon Crawl Stone Soup version 0.27.1-33-g824d729ab1 (webtiles) character file.

Game seed: 18215146188540121793

97 tkbsonic5 the Grave Robber (level 4, -5/32 HPs)
             Began as a Vampire Necromancer on Nov 28, 2021.
             Slain by an orc (6 damage)
             ... on level 3 of the Dungeon.
             The game lasted 00:10:49 (2313 turns).

tkbsonic5 the Grave Robber (Vampire Necromancer)    Turns: 2313, Time: 00:10:49

Health: -5/32      AC:  2    Str:  5    XL:     4   Next: 42%
Magic:  0/7        EV: 12    Int: 18    God:
Gold:   77         SH:  0    Dex: 14    Spells: 3/8 levels left

rFire    . . .     SeeInvis +   i - +0 long sword
rCold    . . .     Faith    .   (no shield)
rNeg     . . .     Spirit   .   a - +0 robe
rPois    .         Reflect  .   (no helmet)
rElec    .         Harm     .   (no cloak)
rCorr    .         Rampage  .   (no gloves)
Will     .....                  (no boots)
Stlth    ++........             (no amulet)
HPRegen  0.30/turn              (no ring)
MPRegen  0.10/turn              (no ring)

@: healing quickly
A: alive, fangs 3, see invisible, vampiric 2, hooves 1, weak 1
a: Exsanguinate


You were on level 3 of the Dungeon.
You visited 1 branch of the dungeon, and saw 3 of its levels.

You collected 77 gold pieces.

Inventory:

Hand Weapons
 d - a +0 dagger
 e - a +1 hand axe
 i - a +0 long sword (weapon)
Missiles
 f - 24 bolts
Armour
 a - a +0 robe (worn)
Scrolls
 c - 2 scrolls of identify
 g - 3 scrolls of blinking
 j - 2 scrolls of teleportation
Potions
 b - a potion of curing
 h - a potion of ambrosia
 k - 2 potions of heal wounds


   Skills:
 * Level 1.6 Fighting
 * Level 0.6 Long Blades
 + Level 2.6 Dodging
 + Level 3.7 Stealth
 + Level 2.6 Spellcasting
 + Level 5.0 Necromancy


You had 3 spell levels left.
You knew the following spells:

 Your Spells              Type           Power      Damage    Failure   Level
a - Pain                  Necr           80%        1d8       2%          1
b - Animate Skeleton      Necr           40%        N/A       2%          1
c - Vampiric Draining     Necr           10%        2d7       6%          3

Your spell library contained the following spells:

 Spells                   Type           Power      Damage    Failure   Level
 Blink                    Tloc           N/A        N/A       26%         2
 Lesser Beckoning         Tloc           1%         N/A       45%         3
 Animate Dead             Necr           10%        N/A       22%         4
 Agony                    Necr           20%        N/A       52%         5
 Manifold Assault         Tloc           2%         N/A       99%         5


Dungeon Overview and Level Annotations

Branches:
Dungeon (3/15)

Altars:

Shops:
D:1 [


Innate Abilities, Weirdness & Mutations

Your natural rate of healing is accelerated.
You have razor-sharp teeth.
You have supernaturally acute eyesight. (SInv)
You are afflicted with vampirism and can become a bat while bloodless.
You have large cloven feet.
You are weak. (Str -2)


Message History

You kill the orc priest!
You have reached level 4!
You hit the orc.
The orc is lightly wounded.
The orc closely misses you. The orc hits you with a +0 club.
You barely miss the orc.
The orc is lightly wounded.
The orc misses you. The orc hits you with a +0 club.
You barely miss the orc. Your kick misses the orc.
The orc is lightly wounded.
The orc barely misses you. The orc hits you with a +0 club.
The orc hits you from afar with a +0 trident.
The orc completely misses you.
You hit the orc but do no damage. You kick the orc, but do no damage.
The orc hits you with a +0 club.
The orc hits you from afar with a +0 trident!
The orc barely misses you. x2; You riposte.
You hit the orc.
The orc is moderately wounded.
You slash the orc!
You kill the orc!
The orc hits you from afar with a +0 trident!
* * * LOW HITPOINT WARNING * * *
The orc barely misses you.
You are too injured to fight recklessly!
Casting: Pain (safe; 2% risk of failure)
Confirm with . or Enter, or press ? or * to list all spells.
Aiming: Pain (safe; 2% risk of failure)
Press: ? - help, Shift-Dir - straight line, f - orc
Aim: an orc, wielding a +0 club (lightly wounded, chance to affect: 90%)
The orc barely resists.
The orc closely misses you. The orc hits you with a +0 club.
* * * LOW HITPOINT WARNING * * *
Casting: Pain (safe; 2% risk of failure)
Confirm with . or Enter, or press ? or * to list all spells.
Aiming: Pain (safe; 2% risk of failure)
Press: ? - help, Shift-Dir - straight line, f/p - orc
Aim: an orc, wielding a +0 club (lightly wounded, chance to affect: 90%)
The orc writhes in agony.
The orc hits you from afar with a +0 trident.
You die...

..... #..# #.#.##.#.#
# ####.
#..##.#.#.##.#.###
#..##.#.#.##.#..#.
#.)##.#.#.##.#..#.
#..##.#.#.##.#..#
#).##.#.#.##.##.# ###
#o.##.#.#.##....#
#...#..##.#.#.#######
#...)@o....<#.#
###.#########.### #.
..........# #
........### .######.#
#.# #.#
.######.#######.
................


You could see 2 orcs.

Vanquished Creatures
  An orc priest (D:3)
  An adder (D:3)
  A worm (D:3)
  An orc (D:3)
  4 bats
  7 endoplasms
  5 giant cockroaches
  6 goblins
  4 hobgoblins
  4 jackals (D:1)
  2 quokkas
  4 ball pythons (D:1)
  2 frilled lizards (D:3)
  A kobold (D:1)
  3 rats
46 creatures vanquished.

Vanquished Creatures (collateral kills)
  A dart slug (D:1)
  A goblin (D:1)
  2 ball pythons (D:1)
4 creatures vanquished.

Grand Total: 50 creatures vanquished

Notes
Turn   | Place    | Note
-------+----------+-------------------------------------------
     0 | D:1      | tkbsonic5 the Vampire Necromancer began the quest for the
                  | Orb.
     0 | D:1      | Reached XP level 1. HP: 13/13 MP: 3/3
    68 | D:1      | Learned a level 1 spell: Animate Skeleton
   197 | D:1      | Reached XP level 2. HP: 18/20 MP: 0/5
   284 | D:1      | Found Husykon's Armour Emporium.
   577 | D:1      | Reached skill level 1 in Fighting
   577 | D:1      | Gained mutation: You are afflicted with vampirism and can
                  | become a bat while bloodless. [Vampire growth]
   577 | D:1      | Reached XP level 3. HP: 26/26 MP: 0/6
   581 | D:1      | Learned a level 3 spell: Vampiric Draining
  1492 | D:2      | Noticed a phantom
  1832 | D:3      | Reached skill level 5 in Necromancy
  2300 | D:3      | Gained mutation: You are weak. (Str -2) [potion of
                  | mutation]
  2300 | D:3      | Gained mutation: You have large cloven feet. [potion of
                  | mutation]
  2306 | D:3      | Reached XP level 4. HP: 29/32 MP: 1/7
  2313 | D:3      | Slain by an orc

Illustrated notes

Levels and vault maps discovered:
D:1:      onia_arrival_pyramid, layout_rooms, serial_shops, shop
D:2:      layout_loops_corners, chequers_big_river
D:3:      layout_basic

Skill      XL: |  1  2  3 |
---------------+----------+-----
Fighting       | 1 |  1.6
Necromancy     | 5 |  5.0
Long Blades    | |  0.6
Dodging        | |  2.6
Stealth        | |  3.7
Spellcasting   | |  2.6

Action                   |  1- 3 |  4- 6 || total
-------------------------+-------+-------++-------
Melee: Dagger            |     2 |       ||     2
       Bite              |     1 |       ||     1
       Hand axe          |    23 |       ||    23
       Long sword        |       |     5 ||     5
       Kick              |       |     1 ||     1
 Cast: Pain              |    77 |     2 ||    79
       Animate Skeleton  |    12 |       ||    12
  Use: Potion            |     2 |       ||     2
       Scroll            |     6 |       ||     6
Armor: Robe              |     5 |       ||     5
Dodge: Dodged            |    26 |     8 ||    34
       Rpst.: Long sword |       |     1 ||     1
